 Dungeon Crawl Stone Soup version 0.28.0-45-g0d030f2227 (webtiles) character file.

Game seed: 8702009928040218615

11 seaoflcl the Skirmisher (level 2, -1/24 HPs)
             Began as a Human Fighter on Apr 10, 2022.
             Slain by a kobold
             ... wielding a +0 club
              (3 damage)
             ... on level 1 of the Dungeon.
             The game lasted 00:00:39 (377 turns).

seaoflcl the Skirmisher (Human Fighter)              Turns: 377, Time: 00:00:41

Health: -1/24      AC:  6    Str: 16    XL:     2   Next: 35%
Magic:  2/2        EV:  8    Int:  8    God:
Gold:   0          SH:  4    Dex: 12    Spells: 1/1 levels left

rFire   . . .      SeeInvis .   a - +0 long sword
rCold   . . .      Faith    .   c - +0 buckler
rNeg    . . .      Spirit   .   b - +0 scale mail
rPois   .          Reflect  .   (no helmet)
rElec   .          Harm     .   (no cloak)
rCorr   .          Rampage  .   (no gloves)
Will    .....                   (no boots)
Stlth   ..........              (no amulet)
HPRegen 0.08/turn               (no ring)
MPRegen 0.08/turn               (no ring)

@: no status effects
A: no striking features
a: no special abilities


You were on level 1 of the Dungeon.
You visited 1 branch of the dungeon, and saw 1 of its levels.

Inventory:

Hand Weapons
 a - a +0 long sword (weapon)
Armour
 b - a +0 scale mail (worn)
 c - a +0 buckler (worn)
Potions
 d - a potion of might


   Skills:
 + Level 3.2 Fighting
 + Level 2.1 Long Blades
 + Level 3.1 Armour
 + Level 3.2 Shields


You had one spell level left.
You didn't know any spells.
Your spell library was empty.

Dungeon Overview and Level Annotations

Branches:
Dungeon (1/15)

Altars:


Message History

The bat hits you but does no damage.
The kobold throws a stone.
The stone hits you. The bat hits you but does no damage.
You block the bat's attack. The bat barely misses you. The bat hits you.
The bat barely misses you. The bat hits you but does no damage.
The bat barely misses you. The bat hits you but does no damage.
The bat hits you. The bat hits you but does no damage.
You closely miss the bat. The bat closely misses you.
You block the bat's attack. The bat closely misses you. x2
You block the bat's attack.
You closely miss the bat. The bat barely misses you.
The bat hits you but does no damage. You block the bat's attack.
The frilled lizard bites you.
You barely miss the bat. The bat hits you but does no damage.
You block the bat's attack. The bat hits you.
The frilled lizard barely misses you. The bat hits you but does no damage.
The frilled lizard bites you but does no damage.
The bat hits you but does no damage. The bat hits you.
The bat barely misses you. The bat hits you but does no damage.
You hit the bat.
You kill the bat!
The bat closely misses you. The frilled lizard barely misses you.
The kobold closely misses you.
You completely miss the frilled lizard. The bat barely misses you. x2
The frilled lizard bites you.
* * * LOW HITPOINT WARNING * * *
The hobgoblin hits you but does no damage.
The kobold barely misses you. The bat hits you but does no damage.
You closely miss the frilled lizard. The bat hits you but does no damage.
The frilled lizard bites you.
* * * LOW HITPOINT WARNING * * *
The hobgoblin hits you.
* * * LOW HITPOINT WARNING * * *
The kobold hits you but does no damage. The frilled lizard bites you.
* * * LOW HITPOINT WARNING * * *
You block the hobgoblin's attack.
You miss the frilled lizard. The bat hits you but does no damage.
The frilled lizard bites you but does no damage.
The kobold hits you with a +0 club.
You die...

......##.#..... #..........#
.......... ##......l...#
................ .......l....#
#................ ......J#.##.#
#................ ....#.##.##.#
#................# ............#
#..b.............#
.####.......###g................
.#............ll@†..............
.......#.......Kl.....).........
......##.......J.....##.........
......##.............#..........
......##........................
.......................)........
...........###########[.........
.#+#.......#≈≈≈≈≈≈≈≈≈#..........
.#.......................#######


You could see an endoplasm, a hobgoblin, a bat, a kobold and 3 frilled lizards.

Vanquished Creatures
  A bat (D:1)
  An endoplasm (D:1)
  3 giant cockroaches (D:1)
  2 goblins (D:1)
  A hobgoblin (D:1)
8 creatures vanquished.

Notes
Turn   | Place    | Note
-------+----------+-------------------------------------------
     0 | D:1      | seaoflcl the Human Fighter began the quest for the Orb.
     0 | D:1      | Reached XP level 1. HP: 18/18 MP: 1/1
    41 | D:1      | Reached XP level 2. HP: 10/24 MP: 2/2
   376 | D:1      | HP: 1/24 [frilled lizard (1)]
   377 | D:1      | Slain by a kobold

Illustrated notes

Levels and vault maps discovered:
D:1:      giann_bridges, layout_basic, amcnicky_mini_rare_corridor_liquid

Action                   || total
-------------------------++-------
Melee: Long sword        ||    43
Armor: Scale mail        ||    76
Dodge: Dodged            ||    47
Block: Buckler           ||    30
